 Dungeon Crawl Stone Soup version 0.28.0-1-gb440e238dd (webtiles) character file.

Game seed: 7354050020815043646

158 RascalDebosk the Conjurer (level 5, 0/37 HPs)
             Began as a Human Conjurer on Feb 28, 2022.
             Slain by a black bear (2 damage)
             ... on level 4 of the Dungeon.
             The game lasted 00:53:07 (4211 turns).

RascalDebosk the Conjurer (Human Conjurer)          Turns: 4211, Time: 00:53:08

Health: 0/37       AC:  5    Str:  7    XL:     5   Next: 66%
Magic:  7/8        EV: 12    Int: 20    God:
Gold:   62         SH:  3    Dex: 12    Spells: 3/9 levels left

rFire   . . .      SeeInvis .   d - +0 dagger (venom)
rCold   . . .      Faith    .   f - +0 buckler
rNeg    . . .      Spirit   .   a - +0 robe
rPois   .          Reflect  .   l - +0 helmet
rElec   .          Harm     .   (no cloak)
rCorr   .          Rampage  .   (no gloves)
Will    .....                   m - +1 pair of boots
Stlth   ++........              (no amulet)
HPRegen 0.12/turn               (no ring)
MPRegen 0.11/turn               (no ring)

@: no status effects
A: no striking features
a: no special abilities


You were on level 4 of the Dungeon.
You visited 1 branch of the dungeon, and saw 4 of its levels.

You collected 170 gold pieces.
You spent 108 gold pieces at shops.

Inventory:

Hand Weapons
 b - a +2 mace of protection
 d - a +0 dagger of venom (weapon)
Armour
 a - a +0 robe (worn)
 f - a +0 buckler (worn)
 l - a +0 helmet (worn)
 m - a +1 pair of boots (worn)
Wands
 i - a wand of acid (6)
Scrolls
 c - a scroll of teleportation
 e - 2 scrolls of identify {unknown}
 g - a scroll of enchant armour
 h - a scroll of vulnerability {unknown}
 j - a scroll of magic mapping {unknown}


   Skills:
 + Level 1.1 Fighting
 + Level 1.3 Staves
 + Level 2.5 Dodging
 + Level 2.6 Stealth
 + Level 0.6 Shields
 + Level 2.5 Spellcasting
 * Level 4.6 Conjurations
 * Level 1.9 Hexes


You had 3 spell levels left.
You knew the following spells:

 Your Spells              Type           Power      Damage    Failure   Level
a - Magic Dart            Conj           84%        1d7       3%          1
b - Searing Ray           Conj           42%        2d6       4%          2
c - Dazzling Flash        Conj/Hex       30%        N/A       16%         3

Your spell library contained the following spells:

 Spells                   Type           Power      Damage    Failure   Level
 Scorch                   Fire           4%         2d5       30%         2
 Fulminant Prism          Conj/Hex       7%         3d7       47%         4
 Flame Wave               Conj/Fire      11%        2d5       61%         4
 Iskenderun's Mystic Bla  Conj/Tloc      11%        2d4       61%         4
 Summon Cactus Giant      Summ           1%         N/A       100%        6


Dungeon Overview and Level Annotations

Branches:
Dungeon (4/15)
 Temple: D:4-7

Altars:
The Shining One

Shops:
D:3 [


Message History

The black bear is lightly wounded. (Press . to maintain the ray.)
The searing ray hits the black bear.
The black bear is moderately wounded.
You see here 3 gold pieces.
You now have 62 gold pieces (gained 3).
Aiming: Magic Dart (safe; 3% risk of failure)
Press: ? - help, Q - select action, (/) - cycle Shift-Dir - straight line, f/p - black bear
Aim: a black bear (moderately wounded, 100% to hit)
The magic dart hits the black bear.
The black bear is moderately wounded.
You hit the black bear.
The black bear is poisoned.
The black bear is heavily wounded.
You block the black bear's attack. The black bear completely misses you.
The black bear closely misses you.
Found 17 gold pieces.
The black bear goes berserk!
You see here 17 gold pieces.
You block the black bear's attack. The black bear claws you. x2
The black bear looks more healthy.
The black bear bites you. The black bear claws you.
The black bear closely misses you. The black bear bites you.
You block the black bear's attack. The black bear closely misses you.
You hit the black bear but do no damage.
The black bear is severely wounded.
The black bear bites you but does no damage.
You block the black bear's attack. The black bear barely misses you.
The black bear bites you!
* * * LOW HITPOINT WARNING * * *
The black bear claws you.
* * * LOW HITPOINT WARNING * * *
The black bear misses you. The black bear closely misses you.
The black bear barely misses you. The black bear claws you.
* * * LOW HITPOINT WARNING * * *
The black bear bites you.
* * * LOW HITPOINT WARNING * * *
The black bear claws you.
You die...

#......#..#≈≈
#..###.#..#.≈
### #..#
#.####P. ..#
#..# #.#P..≈≈
#.# #..#
#>#..≈≈≈ #.#
#..###.#.P≈≈#
#.#
#......#P≈≈##
#.#
#......#≈≈##.
###@#
#......######
#.h.#
#......###.P.
#.###
#..#+#.##.##.
#.#
#..#.#.##P...
#.#
#..#.#.###P..
#.#
#....#.##PP##
#.#
#.###.###.###PP.
#.# #.........#
##.# #$#
#.###.###.# ###


You could see a black bear (berserk).

Vanquished Creatures
  An adder (D:2)
  2 worms (D:2)
  A dart slug (D:1)
  An orc (D:4)
  8 bats
  4 endoplasms
  2 giant cockroaches
  5 goblins
  2 hobgoblins
  4 jackals (D:2)
  4 kobolds (D:1)
  3 quokkas (D:2)
  7 ball pythons
  5 frilled lizards
  5 rats
54 creatures vanquished.

Vanquished Creatures (collateral kills)
  A necrophage (D:4)
  A hobgoblin (D:4)
2 creatures vanquished.

Vanquished Creatures (others)
  A plant (D:4)
1 creature vanquished.

Grand Total: 57 creatures vanquished

Notes
Turn   | Place    | Note
-------+----------+-------------------------------------------
     0 | D:1      | RascalDebosk the Human Conjurer began the quest for the
                  | Orb.
     0 | D:1      | Reached XP level 1. HP: 13/13 MP: 3/3
   173 | D:1      | Reached XP level 2. HP: 19/19 MP: 0/5
   397 | D:1      | Learned a level 2 spell: Searing Ray
   855 | D:1      | Reached skill level 1 in Hexes
   855 | D:1      | Reached XP level 3. HP: 24/25 MP: 6/6
   859 | D:1      | Learned a level 3 spell: Dazzling Flash
  2189 | D:2      | Reached XP level 4. HP: 28/31 MP: 3/7
  2366 | D:2      | Found a glowing golden altar of the Shining One.
  2976 | D:3      | Noticed a centaur
  2976 | D:3      | Noticed a water moccasin
  3085 | D:3      | Reached skill level 1 in Staves
  3268 | D:3      | Found Myofoug's Armour Shop.
  3280 | D:3      | Bought a +0 helmet for 54 gold pieces
  3280 | D:3      | Bought a +0 pair of boots for 54 gold pieces
  3830 | D:4      | Noticed a necrophage
  3860 | D:4      | Killed a necrophage
  3861 | D:4      | Reached skill level 1 in Fighting
  3861 | D:4      | Reached XP level 5. HP: 34/37 MP: 1/8
  4119 | D:4      | Noticed a black bear
  4211 | D:4      | Slain by a black bear

Illustrated notes

Levels and vault maps discovered:
D:1:      wheals_arrival_shading, layout_loops_ring, columned_hall_lemuel
D:2:      layout_basic, basic_altar, minmay_pentomino_p2
D:3:      layout_basic, serial_shops, nicolae_diamond_shop,
          lightli_corner_chamber
D:4:      wad_lake_hut, layout_basic, serial_shops, nicolae_shop_stone

Skill      XL: |  1  2  3  4 |
---------------+-------------+-----
Hexes          | 1 |  1.9
Staves         | 1 |  1.3
Fighting       | 1 |  1.1
Dodging        | |  2.5
Stealth        | |  2.6
Shields        | |  0.6
Spellcasting   | |  2.5
Conjurations   | |  4.6

Action                   |  1- 3 |  4- 6 || total
-------------------------+-------+-------++-------
Melee: Mace              |    13 |       ||    13
       Dagger            |    14 |    12 ||    26
 Cast: Magic Dart        |    47 |    18 ||    65
       Searing Ray       |     4 |     6 ||    10
  Use: Scroll            |       |     4 ||     4
       Potion            |       |     2 ||     2
Armor: Robe              |    14 |     8 ||    22
Dodge: Dodged            |    23 |    16 ||    39
Block: Buckler           |     3 |     6 ||     9
